Map: Glittering Ashes LE

Players

MaxPax - Winner!

  • Race: Protoss Protoss

TIME (Oliveira)

  • Race: Terran Terran

VOD

Have the link to the VOD?

Description

Time

  • Played on: Oct. 21, 2021, 7:53 a.m.
  • Length: 11:57
Show
View Real Time Build Order
Export as new Build Order

MaxPax Protoss - Winner!

Build Orders:  

Get SALT Encoding   

  12  0:00  Probe  
  13  0:12  Probe  
  14  0:20  Pylon  
  14  0:24  Probe  
  15  0:33  Pylon  
  15  0:38  Probe  
  16  0:50  Probe  
  16  0:51  Gateway  
  17  0:58  Assimilator  
  17  1:02  Probe  
  18  1:14  Probe  
  19  1:26  Probe  
  20  1:37  Zealot (Chrono Boost)  
  20  1:38  Cybernetics Core  
  22  1:48  Nexus  
  22  1:55  Zealot (Chrono Boost)  
  22  1:57  Probe  
  25  2:04  Assimilator  
  25  2:09  Probe  
  25  2:13  Stalker (Chrono Boost)  
  26  2:22  Probe  
  29  2:23  Warp Gate  
  30  2:39  Stalker (Chrono Boost)  
  31  3:00  Probe  
  31  3:01  Probe  
  33  3:06  Stalker (Chrono Boost)  
  33  3:12  Probe  
  34  3:13  Probe  
  34  3:16  Gateway  
  33  3:24  Probe  
  33  3:25  Probe  
  33  3:26  Stalker (Chrono Boost)  
  35  3:36  Probe, Gateway  
  35  3:38  Probe  
  35  3:39  Twilight Council  
  36  3:48  Probe  
  37  3:49  Stalker (Chrono Boost)  
  37  3:50  Probe  
  40  4:00  Probe  
  40  4:02  Probe  
  38  4:12  Probe  
  38  4:14  Stalker, Probe  
  40  4:21  Blink (Chrono Boost)  
  40  4:23  Stalker  
  40  4:24  Probe  
  40  4:26  Probe  
  40  4:29  Pylon  
  42  4:31  Stalker  
  42  4:34  Assimilator  
  42  4:35  Assimilator  
  42  4:36  Probe  
  45  4:38  Probe  
  45  4:45  Shield Battery  
  46  4:49  Probe  
  45  4:54  Stalker x3  
  45  4:57  Probe  
  52  5:01  Pylon  
  52  5:07  Probe  
  54  5:16  Shield Battery  
  54  5:19  Probe  
  54  5:21  Stalker x3  
  56  5:24  Pylon  
  60  5:32  Probe  
  62  5:41  Robotics Facility  
  62  5:46  Sentry  
  63  5:51  Nexus  
  63  5:52  Probe, Pylon  
  63  5:55  Probe  
  65  5:57  Stalker  
  65  6:02  Stalker  
  69  6:04  Probe  
  69  6:08  Pylon  
  69  6:11  Probe  
  71  6:16  Probe, Gateway  
  71  6:18  Charge  
  72  6:24  Probe  
  73  6:28  Probe  
  74  6:36  Probe  
  74  6:37  Robotics Bay  
  74  6:38  Immortal (Chrono Boost)  
  75  6:40  Forge  
  79  6:48  Probe  
  79  6:51  Probe  
  79  6:54  Shield Battery  
  81  6:55  Sentry  
  81  6:56  Sentry  
  85  7:03  Shield Battery  
  85  7:06  Pylon  
  85  7:07  Gateway  
  85  7:09  Probe x3, Pylon  
  88  7:16  Protoss Ground Weapons Level 1  
  88  7:21  Probe  
  89  7:23  Colossus (Chrono Boost)  
  89  7:24  Gateway  
  89  7:27  Extended Thermal Lance (Chrono Boost)  
  95  7:34  Gateway  
  95  7:38  Gateway  
  95  7:47  Pylon  
  95  7:48  Zealot x3  
  101  7:53  Photon Cannon  
  101  7:55  Zealot  
  103  8:00  Colossus (Chrono Boost)  
  107  8:12  Gateway  
  107  8:13  Zealot  
  107  8:14  Zealot x2  
  107  8:16  Pylon  
  113  8:20  Zealot  
  115  8:28  Zealot  
  115  8:31  Pylon  
  115  8:32  Pylon  
  117  8:34  Pylon  
  117  8:37  Zealot x5  
  120  8:49  Colossus (Chrono Boost)  
  126  8:58  Nexus  
  126  9:06  Stalker  
  126  9:07  Stalker  
  128  9:12  Probe x2  
  130  9:27  Warp Prism (Chrono Boost)  
  130  9:30  Zealot  
  134  9:32  Zealot x4  
  134  9:35  Pylon  
  142  9:39  Dark Shrine  
  138  10:04  Zealot x9  
  130  10:15  Probe  
  130  10:16  Probe x2  
  130  10:17  Disruptor (Chrono Boost)  
  134  10:32  Probe  
  133  10:37  Zealot x8  
  133  10:38  Zealot  
  151  10:42  Disruptor (Chrono Boost)  
  149  11:02  Dark Templar  
  145  11:04  Dark Templar x3  
  145  11:06  Dark Templar  
  140  11:23  Dark Templar x2  
  124  11:35  Pylon, Nexus  
  113  11:51  Zealot x4  
Show
View Real Time Build Order
Export as new Build Order

TIME Terran 

Build Orders: Cyclone Opening 

Get SALT Encoding   

  12  0:00  SCV  
  13  0:13  SCV  
  14  0:17  Supply Depot  
  14  0:25  SCV  
  14  0:28  Refinery  
  15  0:38  SCV  
  16  0:44  Barracks  
  16  0:50  SCV  
  17  1:03  SCV  
  18  1:16  SCV  
  19  1:31  Orbital Command  
  19  1:32  Factory  
  19  1:35  Marine  
  19  1:36  Supply Depot  
  20  1:54  Barracks Reactor  
  20  1:58  SCV  
  21  2:10  SCV  
  22  2:16  Factory Tech Lab, Command Center  
  22  2:23  SCV  
  22  2:27  Supply Depot  
  22  2:29  Marine x2  
  24  2:37  SCV  
  28  2:44  Cyclone  
  28  2:47  Marine x2  
  28  2:49  SCV  
  31  3:01  SCV  
  31  3:05  Marine  
  31  3:14  SCV  
  31  3:16  Cyclone  
  34  3:27  SCV  
  34  3:29  Barracks  
  34  3:30  Refinery  
  34  3:33  Barracks Reactor  
  35  3:40  SCV  
  33  4:02  SCV  
  31  4:10  Marine x2  
  31  4:14  Cyclone  
  33  4:25  Barracks Tech Lab  
  33  4:27  SCV, Orbital Command  
  33  4:28  Marine  
  33  4:29  Marine  
  35  4:32  Engineering Bay  
  35  4:40  SCV  
  35  4:44  Marine  
  37  4:46  Marine  
  37  4:47  Siege Tank  
  37  4:52  SCV  
  41  4:53  Marine  
  41  4:54  SCV  
  41  4:59  Bunker  
  43  5:01  Marine  
  43  5:03  Terran Infantry Weapons Level 1  
  43  5:04  SCV  
  43  5:06  Marine, SCV  
  46  5:13  Marine  
  46  5:16  SCV  
  46  5:18  SCV  
  46  5:19  Marine, Stimpack  
  46  5:20  Supply Depot  
  49  5:23  Marine  
  49  5:28  SCV  
  49  5:30  SCV, Bunker  
  49  5:31  Marine  
  51  5:39  Barracks  
  51  5:40  SCV  
  54  5:42  SCV  
  54  5:44  Siege Tank  
  54  5:47  Refinery  
  54  5:48  Marine  
  58  5:52  Supply Depot, SCV  
  58  5:54  Marine  
  58  5:55  SCV  
  58  5:56  Marine  
  61  6:04  SCV  
  61  6:06  Starport  
  62  6:13  Marine x3, SCV  
  62  6:14  Supply Depot  
  62  6:16  Supply Depot  
  66  6:18  SCV  
  67  6:26  SCV  
  67  6:28  Factory Reactor  
  67  6:29  Missile Turret  
  67  6:32  Marauder, SCV  
  70  6:34  Barracks Tech Lab  
  70  6:38  SCV  
  71  6:45  Marine  
  71  6:46  Medivac, SCV  
  75  6:49  Refinery  
  75  6:51  Supply Depot  
  75  6:53  Refinery  
  76  6:56  Marauder x2, Combat Shield  
  80  7:06  Marine x2  
  81  7:11  Factory Tech Lab  
  81  7:12  Command Center  
  81  7:21  Marauder  
  83  7:23  Marauder  
  83  7:24  SCV x2  
  83  7:27  Marine x2, Supply Depot  
  83  7:28  Concussive Shells  
  83  7:29  Supply Depot  
  89  7:39  Medivac x2  
  93  7:47  Marine  
  93  7:49  Marine, Marauder x2, SCV x2  
  101  7:53  Siege Tank  
  104  8:01  SCV  
  104  8:05  Marine, Supply Depot  
  104  8:07  Marine  
  104  8:10  Marauder x2  
  108  8:21  SCV  
  108  8:22  Marine  
  108  8:25  Marine  
  108  8:26  Orbital Command  
  110  8:31  Marine  
  110  8:32  Marauder  
  113  8:35  Barracks  
  113  8:38  Barracks  
  113  8:40  Marine  
  113  8:41  Siege Tank  
  117  8:48  Marine  
  117  8:50  Orbital Command  
  117  8:53  Marauder  
  117  8:54  Viking  
  122  8:59  SCV x2  
  124  9:04  Marine, Viking  
  126  9:11  Supply Depot, SCV  
  126  9:12  Supply Depot  
  126  9:13  Marauder  
  126  9:14  SCV  
  126  9:16  SCV  
  131  9:23  Siege Tank  
  132  9:25  Barracks Reactor, Barracks Tech Lab  
  132  9:32  Viking, SCV  
  132  9:34  Viking  
  132  9:37  Marauder, Supply Depot  
  139  9:39  Marauder  
  139  9:43  SCV  
  140  9:54  SCV  
  140  9:55  Siege Tank  
  140  9:56  SCV  
  128  10:05  Marine x3  
  128  10:06  Marauder x2  
  128  10:07  Viking x2, SCV  
  129  10:09  SCV  
  129  10:11  SCV  
  130  10:15  Marine  
  130  10:16  Marauder  
  130  10:19  SCV  
  134  10:23  Marine  
  134  10:27  Marine x2, Siege Tank  
  134  10:28  Marauder  
  142  10:31  SCV x2  
  142  10:32  Supply Depot  
  144  10:39  Marine x2, Marauder  
  144  10:41  Medivac  
  144  10:42  Medivac  
  145  10:54  Marine  
  133  11:00  Marine x2  
  133  11:01  Marauder  
  123  11:09  Marine x2  
  123  11:10  Marauder  
  123  11:11  Siege Tank  
Tags
 
Add a new tag
Caveats
  • Supply blocks, unpowered buildings, or Contaminate may cause inaccurate times.
  • Supply counts are checked every 10 seconds.